 Dungeon Crawl Stone Soup version 0.30-a0-779-g7971cf19c3 (webtiles) character file.

Game seed: 14875016690946941463

229 strifetoe the Chopper (level 6, -3/94 HPs)
             Began as an Ogre Berserker on Feb 18, 2023.
             Was a Believer of Trog.
             Splashed by a jelly's acid (11 damage)
             ... on level 4 of the Dungeon.
             The game lasted 00:02:58 (3146 turns).

strifetoe the Chopper (Ogre Berserker)              Turns: 3146, Time: 00:02:59

Health: -3/94      AC: -17   Str: 24    XL:     6   Next: 3%
Magic:  6/6        EV: 10    Int:  8    God:    Trog [**....]
Gold:   215        SH:  0    Dex:  8    Spells: 5/5 levels left

rFire   . . .      SeeInvis .    a - +0 hand axe
rCold   . . .      Faith    .    (no shield)
rNeg    . . .      Spirit   .    b - +0 animal skin
rPois   .          Reflect  .    (helmet restricted)
rElec   .          Harm     .    (no cloak)
rCorr   .          Rampage  .    (gloves unavailable)
Will    .....                    (boots unavailable) Stlth
                                 (no amulet)
HPRegen 0.35/turn                (no ring)
MPRegen 0.10/turn                (no ring)

@: berserking, corroded, very quick
A: large, unfitting armour, tough skin 1
a: Renounce Religion, Berserk, Trog's Hand


You were on level 4 of the Dungeon.
You worshipped Trog.
Trog was pleased with you.
You visited 1 branch of the dungeon, and saw 4 of its levels.

You collected 215 gold pieces.

Inventory:

Hand Weapons
 a - a +0 hand axe (weapon)
 m - a +2 heavy hand axe
 s - a +0 giant club
Armour
 b - a +0 animal skin (worn)
Scrolls
 c - 2 scrolls of fog {unknown}
 d - a scroll of acquirement {unknown}
 e - a scroll of blinking {unknown}
 f - 2 scrolls of brand weapon {unknown}
 g - a scroll of enchant armour {unknown}
 j - a scroll of identify {unknown}
 l - 2 scrolls of fear {unknown}
 n - 3 scrolls of enchant weapon {unknown}
 o - a scroll of silence {unknown}
 p - 4 scrolls of teleportation {unknown}
 r - a scroll of poison {unknown}
Potions
 h - 2 potions of curing
 i - 3 potions of resistance {unknown}
 k - 2 potions of brilliance {unknown}
 q - a potion of haste {unknown}


   Skills:
 + Level 4.3 Fighting
 - Level 6.2(6.3) Axes
 + Level 0.7(3.6) Maces & Flails
 - Level 2.6 Dodging


You had 5 spell levels left.
You didn't know any spells.
Your spell library was empty.

Dungeon Overview and Level Annotations

Branches:
Dungeon (4/15)
 Temple: D:4-7

Altars:
Kikubaaqudgha
Sif Muna

Shops:
D:3 [

Annotations:
D:3 3 runed translucent doors, bronco's ghost, amateur HuAE; elongatedgoose's ghost, amateur SpBr


Innate Abilities, Weirdness & Mutations

You are too large for most types of armour.
You have tough skin. (AC +1)


Message History

You are too injured to fight recklessly!
You are too injured to fight recklessly!
You are too injured to fight recklessly!
You are too injured to fight recklessly!
You are too injured to fight recklessly!
You are too injured to fight recklessly!
You are too injured to fight recklessly!
You are too injured to fight recklessly!
You are too injured to fight recklessly!
You are too injured to fight recklessly!
Unknown command.
A red film seems to cover your vision as you go berserk!
You feel yourself moving faster!
You feel mighty! The jelly closely misses you.
You barely miss the jelly.
The jelly is severely wounded.
The jelly barely misses you.
You completely miss the jelly.
The jelly is severely wounded.
The jelly closely misses you.
You hit the jelly.
Your hands burn!
The jelly is almost dead.
The jelly hits you.
You are splashed with acid!
* * * LOW HITPOINT WARNING * * *
You hit the jelly but do no damage. The acid corrodes you!
Your hands burn!
* * * LOW HITPOINT WARNING * * *
The jelly is almost dead.
You hit the jelly but do no damage.
Your hands burn!
* * * LOW HITPOINT WARNING * * *
The jelly is almost dead.
The jelly barely misses you.
You hit the jelly but do no damage.
Your hands burn!
* * * LOW HITPOINT WARNING * * *
The jelly is almost dead.
You hit the jelly but do no damage.
Your hands burn!
* * * LOW HITPOINT WARNING * * *
The jelly is almost dead.
The jelly hits you.
* * * LOW HITPOINT WARNING * * *
You are splashed with acid!
You die...

.#.##.# #.>...####...#
.#.##.# #.....# ###.#
.#.##.# ########
.#.##.####>.....#
.#.##.....[####.#
...........####.#
##............#.#
####......##.#.####..#
#...........@J....#
################.##


You could see a jelly.

Vanquished Creatures
  An ogre (D:4)
  A hound (D:4)
  5 adders
  A worm (D:2)
  2 dart slugs (D:1)
  8 orcs
  8 bats
  10 endoplasms
  3 giant cockroaches
  4 goblins
  4 hobgoblins
  4 quokkas
  5 ball pythons
  3 frilled lizards (D:1)
  3 kobolds
62 creatures vanquished.

Vanquished Creatures (others)
  6 withered plants (D:3)
6 creatures vanquished.

Grand Total: 68 creatures vanquished

Notes
Turn   | Place    | Note
-------+----------+-------------------------------------------
     0 | D:1      | strifetoe the Ogre Berserker began the quest for the Orb.
     0 | D:1      | Reached XP level 1. HP: 24/24 MP: 1/1
    93 | D:1      | Reached XP level 2. HP: 29/32 MP: 2/2
   508 | D:1      | Reached skill level 4 in Axes
   546 | D:1      | Reached XP level 3. HP: 37/39 MP: 3/3
   694 | D:1      | Reached ** piety under Trog
  1183 | D:1      | Reached XP level 4. HP: 26/48 MP: 4/4
  1327 | D:2      | Reached skill level 5 in Axes
  1612 | D:2      | Found an ancient bone altar of Kikubaaqudgha.
  1977 | D:3      | Found a runed translucent gate.
  1978 | D:3      | Found a runed translucent gate.
  1979 | D:3      | Found a runed translucent gate.
  2144 | D:3      | Noticed elongatedgoose's ghost (amateur SpBr)
  2144 | D:3      | Noticed bronco's ghost (amateur HuAE)
  2354 | D:3      | Reached XP level 5. HP: 49/54 MP: 5/5
  2584 | D:3      | Found Walauv's Armour Emporium.
  2694 | D:4      | Noticed an ogre
  2694 | D:4      | Found a shimmering blue altar of Sif Muna.
  2703 | D:4      | Killed an ogre
  2704 | D:4      | Reached skill level 6 in Axes
  2998 | D:4      | Reached XP level 6. HP: 42/63 MP: 6/6
  3146 | D:4      | Splashed by a jelly's acid

Illustrated notes

Levels and vault maps discovered:
D:1:      amcnicky_arrival_underground_garden, layout_loops_corners
D:2:      layout_rooms, basic_altar, feat_on_display
D:3:      layout_basic, gammafunk_ghost_cemetery, serial_shops, shop
D:4:      layout_loops_cross, mainiacjoe_overflow_alcove_1,
          biasface_ghost_orc_armoury, uniq_sigmund

Skill      XL: |  1  2  3  4  5 |
---------------+----------------+-----
Axes           | 4 5 6 |  6.2
Fighting       | |  4.3
Maces & Flails | |  0.7
Dodging        | |  2.6

Action                     |  1- 3 |  4- 6 || total
---------------------------+-------+-------++-------
  Melee: Hand axe          |    87 |   113 ||   200
         Punch             |     2 |     1 ||     3
 Invoke: Berserk           |     1 |     3 ||     4
    Use: Potion            |     1 |       ||     1
   Stab: Sleeping          |     1 |       ||     1
 Armour: Animal skin       |    35 |    27 ||    62
  Dodge: Dodged            |    77 |    52 ||   129

Table legend: (Time is in decaauts)
 A = Elapsed time spent in this place.
 B = Non-inter-level travel time spent in this place.
 C = Inter-level travel time spent in this place.
 D = Time resting spent in this place.
 E = Time spent auto-exploring this place.
 F = Levels seen in this place.
 G = Mean time per level.
                   A        B        C        D        E       F      G
               +--------+--------+--------+--------+--------+-----+--------+
         Total |   3187 |   3063 |    124 |    392 |   2178 |   4 |  796.8 |
       Dungeon |   3187 |   3063 |    124 |    392 |   2178 |   4 |  796.8 |
               +--------+--------+--------+--------+--------+-----+--------+

Top non-repeatable levels by time:
     D:1: 1147 daAuts
     D:3: 1138 daAuts
     D:2: 601 daAuts
     D:4: 299 daAuts
